 Dungeon Crawl Stone Soup version 0.32-a0-913-g739538afd8 (webtiles) character file.

Game seed: 13786087541971658282

216025 Takeo the Marksgoblin (level 19, -9/157 HPs)
             Began as a Coglin Hunter on Apr 7, 2024.
             Was an Initiate of Gozag.
             Mangled by a nagaraja
             ... wielding a +0 halberd
              (22 damage)
             ... on level 4 of the Snake Pit.
             The game lasted 00:50:12 (28995 turns).

Takeo the Marksgoblin (Coglin Hunter)              Turns: 28995, Time: 00:50:13

Health: -9/157     AC: 18    Str: 13    XL:     19   Next: 4%
Magic:  0/24       EV: 12    Int: 10    God:    Gozag
Gold:   2715       SH:  0    Dex: 23    Spells: 18/18 levels left

rFire   + + .        d - +4 hand cannon (flame) {Pete}
rCold   + . .        n - +4 hand cannon (freeze) {Lin}
rNeg    . . .        C - +5 moon troll leather armour {Spirit, Regen++ MP+5}
rPois   +            G - +1 helmet {SInv}
rElec   .            F - scarf {rC+ rF+}
rCorr   +            f - +2 pair of gloves
SInv    +            y - +2 pair of boots
Will    +....        (amulet unavailable)
Stlth   ++           (ring unavailable)
HPRegen 2.86/turn    (ring unavailable)
MPRegen 0.59/turn    b
                       - LR-00 hydroassembler {rPois rF+ Regen+ RegenMP+ rCorr}

%: guardian spirit
@: lethally poisoned (-9 -> -16), untranslocatable, slowed, constricted,
studying 2 skills, revved, very slow
A: off-hand wielding, slow wielding, warmup strikes, no jewellery
}: 1/15 runes: barnacled
a: Renounce Religion, Potion Petition, Call Merchant, Bribe Branch


You were on level 4 of the Snake Pit.
You worshipped Gozag.
Gozag was most pleased with you.
You visited 6 branches of the dungeon, and saw 31 of its levels.
You also visited: Gauntlet.

You collected 13021 gold pieces.
You spent 2161 gold pieces at shops.
You paid 8145 gold pieces to Gozag.

Inventory:

Hand Weapons
 a - a +3 sling {Cedro}
 d - a +4 hand cannon of flaming (weapon) {Pete}
 n - a +4 hand cannon of freezing (offhand) {Lin}
 t - the +7 captain's cutlass {speed, disarm}
   (You took it off a skeletal warrior on level 2 of the Shoals)
 M - the +10 sling "Ythregott" {freeze, rPois rF+}
   (You found it on level 2 of the Lair of Beasts)

   rF+:       It protects you from fire.
   rPois:     It protects you from poison.
Missiles
 r - 4 throwing nets
Armour
 f - a +2 pair of gloves (worn)
 y - a +2 pair of boots (worn)
 C - the +5 moon troll leather armour (worn) {Spirit, Regen++ MP+5}
   (You bought it in a shop on level 15 of the Dungeon)

   MP+5:      It affects your magic capacity (+5).
   Regen++:   It increases your rate of health regeneration.
 F - a scarf of resistance (worn)
 G - a +1 helmet of see invisible (worn)
 S - the +1 pair of boots "Zefruac" {-Cast +Blink rN++ Dex-4}
   (You bought it in a shop on level 3 of the Snake Pit)

   Dex-4:     It affects your dexterity (-4).
   rN++:      It greatly protects you from negative energy.
   +Blink:    It lets you blink.
   -Cast:     It prevents spellcasting.
 U - a +0 cloak of preservation
 V - a +0 pair of boots of stealth
Gizmo
 b - a LR-00 hydroassembler (installed) {rPois rF+ Regen+ RegenMP+ rCorr}
   (You invented it yourself on level 14 of the Dungeon)

   [LR-00 hydroassembler]

   rF+:       It protects you from fire.
   rPois:     It protects you from poison.
   Regen+:    It increases your rate of health regeneration.
   rCorr:     It protects you from acid and corrosion.
   RegenMP+:  It increases your rate of magic regeneration.
Wands
 j - a wand of roots (47)
 m - a wand of paralysis (30)
 q - a wand of mindburst (25)
 v - a wand of flame (31)
 x - a wand of digging (13)
 H - a wand of polymorph (20)
Scrolls
 h - 8 scrolls of teleportation
 o - a scroll of vulnerability
 s - 5 scrolls of revelation
 u - 7 scrolls of amnesia
 A - 5 scrolls of poison
 I - 4 scrolls of fog
 J - 4 scrolls of immolation
 L - 5 scrolls of fear
 N - 9 scrolls of identify
 O - a scroll of summoning
 P - a scroll of silence
Potions
 c - 3 potions of mutation
 e - 10 potions of curing
 g - 4 potions of enlightenment
 i - 4 potions of might
 k - 7 potions of ambrosia
 l - 6 potions of heal wounds
 p - 2 potions of berserk rage
 w - 2 potions of cancellation
 z - 5 potions of lignification
 B - a potion of resistance
 D - 3 potions of brilliance
 E - 3 potions of magic
 K - 7 potions of haste
Miscellaneous
 Q - a phial of floods
 R - a box of beasts


   Skills:
 + Level 15.7 Fighting
 * Level 20.1 Ranged Weapons
 + Level 8.5 Armour
 + Level 14.3 Dodging
 - Level 0.7 Stealth
 + Level 15.7 Evocations


You had 18 spell levels left.
You didn't know any spells.
Your spell library contained the following spells:

 Spells                   Type           Power      Damage    Failure   Level
 Freeze                   Ice            0%         1d3       43%         1
 Magic Dart               Conj           0%         1d3       43%         1
 Sandblast                Erth           0%         2d4       43%         1
 Shock                    Conj/Air       0%         1d3       43%         1
 Blink                    Tloc           0%         N/A       56%         2
 Call Imp                 Summ           0%         N/A       56%         2
 Lesser Beckoning         Tloc           0%         N/A       56%         2
 Momentum Strike          Conj/Tloc      0%         3d8       56%         2
 Sublimation of Blood     Necr           0%         N/A       56%         2
 Frozen Ramparts          Ice            0%         1d1       80%         3
 Hailstorm                Conj/Ice       0%         3d5       80%         3
 Maxwell's Portable Pile  Tloc           0%         2d(5-13)  80%         3
 Stone Arrow              Conj/Erth      0%         3d7       80%         3
 Summon Ice Beast         Ice/Summ       0%         N/A       80%         3
 Swiftness                Air            0%         N/A       80%         3
 Teleport Other           Tloc           0%         N/A       80%         3
 Airstrike                Air            0%         2d(0-16)  99%         4
 Brom's Barrelling Bould  Conj/Erth      0%         2d3       99%         4
 Iskenderun's Mystic Bla Conj/Tloc 0%             2d3        (+2d1     99%         4
 Petrify                  Alch/Erth      0%         N/A       99%         4
 Vhi's Electric Charge    Tloc/Air       0%         N/A       99%         4
 Alistair's Intoxication  Alch           0%         N/A       100%        5
 Arcjolt                  Conj/Air       0%         1d10      100%        5
 Borgnjor's Vile Clutch   Necr/Erth      0%         N/A       100%        5
 Irradiate                Conj/Alch      0%         3d11      100%        5
 Iskenderun's Battlesphe  Conj           0%         2d6       100%        5
 Summon Forest            Summ/Tloc      0%         N/A       100%        5
 Summon Mana Viper        Hex/Summ       0%         N/A       100%        5
 Bombard                  Conj/Erth      0%         9d1       100%        6
 Eringya's Noxious Bog    Alch           0%         4d6       100%        6
 Permafrost Eruption      Ice/Erth       0%         2x4d1     100%        6
 Plasma Beam              Fire/Air       0%         2x1d10    100%        6
 Sculpt Simulacrum        Ice/Alch       0%         N/A       100%        6
 Summon Cactus Giant      Summ           0%         N/A       100%        6
 Orb of Destruction       Conj           0%         9d5       100%        7
 Spellforged Servitor     Conj/Summ      0%         N/A       100%        7
 Summon Hydra             Summ           0%         N/A       100%        7


Dungeon Overview and Level Annotations

Branches:
Dungeon (15/15)            Temple (1/1) D:4            Lair (5/5) D:8
 Shoals (4/4) Lair:2        Snake (4/4) Lair:2        Slime (0/5) Lair:5
    Orc (2/2) D:10            Elf (0/3) Orc:2        Vaults (0/5) D:14
 Depths (0/4) D:15        Gauntlet (visited)

Altars:
Ashenzari
Cheibriados
Dithmenos
Elyvilon
Fedhas
Gozag
Hepliaklqana
Kikubaaqudgha
Makhleb
Nemelex Xobeh
Okawaru
Qazlal
Ru
Sif Muna
Trog
Uskayaw
Vehumet
Wu Jian
Xom
Yredelemnul
Zin
The Shining One
Beogh
Jiyva

Shops:
D:7 *   D:15 ?[   Orc:2 ([[([*=   Shoals:1 =   Shoals:4 *   Snake:1 [==
Snake:3 [*

Portals:
Trove: D:13 (give 2 scrolls of acquirement)

Annotations:
D:13 1 runed translucent door, Picsou's ghost, journeyman MiFi


Innate Abilities, Weirdness & Mutations

You can wield a second weapon in your off-hand.
It takes a long time for you to wield or remove held weapons.
Your first few attacks do less damage.
You cannot equip rings or amulets.


Message History

You are too injured to fight recklessly!
Unknown command.
You are too injured to fight recklessly!
Fire: d) +4 hand cannon (flame) {Pete}
Press: ? - help, Q - select action, (/) - cycle Shift-Dir - straight line, f/p - nagaraja
Aim: a nagaraja, wielding a +0 flail and wearing a +0 robe (magical condensation, heavily wounded, constricting you, fast, catching its breath, 78% to hit)
You shoot a slug. The slug hits the nagaraja!
The slug burns the nagaraja.
The nagaraja is almost dead.
You shoot a slug.
The slug hits the nagaraja but does no damage.
The nagaraja is almost dead.
You feel extremely sick.
The nagaraja hits you from afar with a +0 halberd.
* * * LOW HITPOINT WARNING * * *
The nagaraja points at you and mumbles some strange words.
The poison arrow misses you. The nagaraja constricts you.
* * * LOW HITPOINT WARNING * * *
The nagaraja gestures at you while chanting.
The bolt of poison misses you.
The nagaraja hits you but does no damage.
The nagaraja constricts you.
* * * LOW HITPOINT WARNING * * *
The naga sharpshooter mumbles some strange words.
The naga sharpshooter magically shoots an arrow.
The arrow misses you.
The nagaraja points at you and mumbles some strange words.
You feel firmly anchored in space.
You feel better. The nagaraja spits poison at you.
The splash of poison hits you.
You are poisoned.
You resist.
* * * LOW HITPOINT WARNING * * *
The nagaraja hits you with a +0 flail!!
* * * LOW HITPOINT WARNING * * *
The nagaraja constricts you!
* * * LOW HITPOINT WARNING * * *
The nagaraja hits you from afar with a +0 halberd!!
You die...
Your body crumbles into a pile of gold.

#.##.# #...###§≈≈§§≈§§§≈≈§≈§≈≈§
..##(####..###≈≈≈§§≈≈§§§≈§≈≈§≈§
#<##......<..#§§≈§§≈≈#§§≈§§§≈##
#########'##§≈≈≈≈§§§≈≈≈§≈ §§≈
#.........≈≈≈§§§§§≈§≈≈≈≈≈§≈
#.........≈≈§§≈≈≈≈≈≈§§§≈
#.........###§§≈§§§§≈N§.
#.........# ##N○≈§§≈≈N≈≈
#.........# #@°≈≈≈§§§≈§
#.........# ##$N$≈§≈N§≈≈
#.........# #....$≈§§§§
#.........# #....#..§≈≈
#.........#####....##..###
###########.....).$......#
#?.............#
#......).......#
#......).......#


You could see 3 nagarajas, a naga sharpshooter and a naga.

Vanquished Creatures
  Rupert (Lair:3)
  A shard shrike skeleton (Shoals:2)
  5 krakens
  Aizul (Snake:1)
  3 nagarajas
  Ilsuiw (Shoals:2)
  A reaper (Gauntlet)
  An orc warlord (Orc:2)
  The ghost of GrimJard the Unseen, a journeyman SpAl of Vehumet (Snake:1)
  A dire elephant (D:15)
  A minotaur (Gauntlet)
  Snorg (D:10)
  5 merfolk javelineers
  4 merfolk impalers
  8 vault guards (D:14)
  2 salamander tyrants
  4 alligator snapping turtles
  A merfolk avatar (Shoals:3)
  3 catoblepae
  2 hydras
  6 anacondas
  An ogre mage (D:10)
  7 boulder beetles
  8 centaur warriors
  2 satyrs
  5 two-headed ogres
  2 merfolk aquamancers (Shoals:4)
  2 death scarabs (Gauntlet)
  3 orc high priests (Orc:2)
  3 tengu warriors
  2 occultists
  3 naga warriors
  7 naga sharpshooters
  Nergalle (Lair:1)
  9 shock serpents
  3 skysharks
  Amaemon (Lair:1)
  A skeletal warrior (Shoals:2)
  A spectral catoblepas (Gauntlet)
  4 salamander mystics
  13 mana vipers
  18 sea snakes
  A lindwurm (Lair:5)
  An arcanist (D:12)
  3 naga ritualists
  A kraken simulacrum (Shoals:4)
  2 obsidian bats
  9 orc knights
  9 harpies (Shoals:2)
  17 manticores
  2 wolf spiders
  An oklob plant (Lair:5)
  7 orc sorcerers
  10 ugly things
  11 fauns
  6 cyclopes
  19 salamanders
  24 black mambas
  12 elephants
  11 merfolk sirens
  7 guardian serpents
  10 naga magi
  5 water nymphs
  A torpor snail (Lair:5)
  16 cane toads
  6 gargoyles
  An orange demon (Lair:1)
  Maggie (Lair:2)
  2 unseen horrors (D:12)
  3 kobold demonologists
  A cane toad (shapeshifter) (D:13)
  7 rime drakes
  11 komodo dragons
  5 efreet
  2 tengu conjurers
  25 merfolk
  A queen bee (Lair:2)
  4 polar bears
  2 hornets (Lair:5)
  A jumping spider (shapeshifter) (D:12)
  9 trolls
  2 hellwings (Gauntlet)
  9 wind drakes
  14 blink frogs
  11 snapping turtles
  14 dream sheep
  12 slime creatures
  9 merfolk skeletons (Shoals:2)
  Sigmund (D:4)
  3 shadows
  2 spriggans (shapeshifter) (D:12)
  5 water elementals
  49 yaks
  11 wyverns
  2 wraiths
  6 humans (D:8)
  6 basilisks
  A spectral komodo dragon (Gauntlet)
  2 wargs
  2 redbacks (Lair:5)
  Grum (D:10)
  4 vampire mosquitoes
  35 nagas
  An acid dragon (D:11)
  43 water moccasins
  Duvessa (D:6)
  A black bear (shapeshifter) (D:15)
  39 orc warriors
  4 sky beasts
  3 ice beasts
  6 ogres
  4 black bears
  14 wolves
  2 snapping turtle skeletons (Shoals:2)
  4 boggarts (Lair:3)
  13 centaurs
  A phantom (D:5)
  A kobold brigand (D:10)
  A gnoll sergeant (D:12)
  16 bullfrogs
  2 scorpions
  A wight (D:10)
  Dowan (D:6)
  31 killer bees
  An electric eel (Lair:3)
  A bombardier beetle (D:5)
  6 howler monkeys
  3 jellies
  4 lava snakes (Snake:4)
  31 orc priests
  3 hounds
  4 gnoll boudas
  Ijyb (D:3)
  2 iguanas
  30 orc wizards
  3 sleepcaps
  25 gnolls
  10 adders
  A river rat (Lair:2)
  A shadow imp (Gauntlet)
  2 white imps (D:6)
  4 ufetubi (D:6)
  3 dart slugs
  92 orcs
  10 ball pythons
  8 endoplasms
  2 giant cockroaches
  A hobgoblin (D:2)
  6 jackals
  3 quokkas
  12 bats
  3 frilled lizards
  5 goblins
  8 kobolds
  5 rats
  A spectral orc (D:4)
  18 tentacles
1114 creatures vanquished.

Vanquished Creatures (others)
  An orc wizard (Orc:2)
  22 tentacles
23 creatures vanquished.

Grand Total: 1137 creatures vanquished

Notes
Turn   | Place    | Note
-------+----------+-------------------------------------------
     0 | D:1      | Takeo the Coglin Hunter began the quest for the Orb.
     0 | D:1      | Reached XP level 1. HP: 16/16 MP: 1/1
   165 | D:1      | Reached XP level 2. HP: 17/22 MP: 2/2
   541 | D:1      | Reached skill level 4 in Ranged Weapons
   628 | D:1      | Reached XP level 3. HP: 28/28 MP: 3/3
  1090 | D:2      | Found a hazy altar of Hepliaklqana.
  1318 | D:3      | Noticed Ijyb
  1328 | D:3      | Killed Ijyb
  1329 | D:3      | Reached XP level 4. HP: 4/34 MP: 4/4
  2277 | D:4      | Reached XP level 5. HP: 35/41 MP: 5/5
  2325 | D:4      | Found a staircase to the Ecumenical Temple.
  2330 | D:4      | Reached skill level 5 in Ranged Weapons
  2353 | Temple   | Entered the Ecumenical Temple
  2378 | Temple   | Became a worshipper of Gozag Ym Sagoz the Greedy
  2429 | D:4      | Reached XP level 6. HP: 38/47 MP: 6/6
  2941 | D:4      | Found a hazy altar of Hepliaklqana.
  2970 | D:4      | Identified the +2 pair of gloves "Ykhigant" {rPois Dex+5}
  3048 | D:4      | Noticed Sigmund
  3053 | D:4      | Killed Sigmund
  3054 | D:4      | Reached XP level 7. HP: 53/53 MP: 7/7
  3113 | D:5      | Entered Level 5 of the Dungeon
  3136 | D:5      | Reached skill level 6 in Ranged Weapons
  3261 | D:5      | Found a shimmering blue altar of Sif Muna.
  3261 | D:5      | Found a blossoming altar of Fedhas.
  3261 | D:5      | Found a burning altar of Makhleb.
  3262 | D:5      | Found a hide-covered altar of Uskayaw.
  3493 | D:5      | Reached XP level 8. HP: 61/61 MP: 8/8
  3752 | D:5      | Reached skill level 7 in Ranged Weapons
  3955 | D:5      | Reached skill level 5 in Fighting
  4145 | D:6      | Noticed Duvessa
  4152 | D:6      | Noticed Dowan
  4154 | D:6      | Reached skill level 5 in Dodging
  4165 | D:6      | Killed Duvessa
  4167 | D:6      | Killed Dowan
  4224 | D:6      | Reached skill level 8 in Ranged Weapons
  4456 | D:6      | Reached XP level 9. HP: 69/69 MP: 9/9
  4665 | D:6      | Found an iron altar of Okawaru.
  5327 | D:7      | Reached skill level 9 in Ranged Weapons
  5359 | D:7      | Identified a scroll of acquirement
  5360 | D:7      | Acquired a +2 hand cannon of freezing
  5462 | D:7      | Identified the +7 quarterstaff of Iconoclasm {freeze,
                  | *Corrode rC+++ Str+6}
  5555 | D:7      | Acquired a +3 hand cannon of freezing
  5721 | D:7      | Found a shimmering altar of Xom.
  6221 | D:8      | Reached XP level 10. HP: 74/79 MP: 10/10
  6225 | D:8      | Reached skill level 10 in Ranged Weapons
  6755 | D:8      | Found a staircase to the Lair.
  6996 | D:8      | Reached skill level 11 in Ranged Weapons
  7374 | D:9      | Noticed a gargoyle
  7375 | D:9      | Killed a gargoyle
  7550 | D:9      | Reached XP level 11. HP: 87/87 MP: 11/11
  7729 | D:10     | Entered Level 10 of the Dungeon
  7860 | D:10     | Noticed a two-headed ogre
  7862 | D:10     | Killed a two-headed ogre
  7908 | D:10     | Found a staircase to the Orcish Mines.
  7917 | D:10     | Found a runed translucent door.
  7922 | D:10     | Noticed Snorg
  7930 | D:10     | Killed Snorg
  8080 | D:10     | Found a stormy altar of Qazlal.
  8080 | D:10     | Found a broken altar of Ashenzari.
  8141 | D:10     | Noticed Grum
  8146 | D:10     | Killed Grum
  8429 | D:10     | Found a runed translucent door.
  8487 | D:10     | Found a sparkling altar of Nemelex Xobeh.
  8772 | D:10     | Reached skill level 12 in Ranged Weapons
  8853 | D:10     | Noticed an ogre mage
  8854 | D:10     | Killed an ogre mage
  8856 | D:10     | Noticed an occultist
  8859 | D:10     | Killed an occultist
  8910 | D:10     | Noticed a boulder beetle
  8925 | D:10     | Noticed a brown ugly thing
  8946 | D:10     | Killed a brown ugly thing
  8946 | D:10     | Noticed a two-headed ogre
  8949 | D:10     | Killed a two-headed ogre
  9002 | D:10     | Killed a boulder beetle
  9003 | D:10     | Reached XP level 12. HP: 67/97 MP: 12/12
  9127 | D:11     | Reached skill level 13 in Ranged Weapons
  9134 | D:11     | Reached skill level 10 in Fighting
  9185 | D:11     | Noticed a two-headed ogre
  9189 | D:11     | Killed a two-headed ogre
  9463 | D:11     | Reached skill level 1 in Evocations
  9836 | D:11     | You fall into a shaft and drop 2 floors!
  9954 | D:13     | Noticed a centaur warrior
  9962 | D:13     | Killed a centaur warrior
 10145 | D:13     | Noticed a catoblepas
 10171 | D:13     | Killed a catoblepas
 10564 | D:13     | Noticed a two-headed ogre
 10569 | D:13     | Killed a two-headed ogre
 10781 | D:13     | Found a runed translucent door.
 10783 | D:13     | Found a shimmering altar of Xom.
 10783 | D:13     | Noticed Picsou's ghost (journeyman MiFi)
 10859 | D:13     | Found a portal to a secret trove of treasure.
 11002 | D:14     | Noticed a centaur warrior
 11006 | D:14     | Killed a centaur warrior
 11336 | D:12     | Noticed a two-headed ogre
 11341 | D:12     | Killed a two-headed ogre
 11560 | D:12     | Noticed a sun demon
 11561 | D:12     | Reached skill level 14 in Ranged Weapons
 11573 | D:12     | Noticed a boulder beetle
 11577 | D:12     | Killed a boulder beetle
 11578 | D:12     | Reached skill level 5 in Evocations
 11578 | D:12     | Reached XP level 13. HP: 103/105 MP: 13/13
 11587 | D:12     | Reached skill level 10 in Dodging
 12091 | D:12     | Identified the +0 buckler "Joiskits" {*Corrode rF+ Int+3
                  | SInv}
 13041 | D:14     | Reached skill level 15 in Ranged Weapons
 13253 | D:14     | Reached XP level 14. HP: 82/114 MP: 14/14
 13342 | D:14     | Found a broken altar of Ashenzari.
 13343 | D:14     | Acquired a LR-00 hydroassembler {rPois rF+ Regen+ RegenMP+
                  | rCorr}
 13645 | D:14     | Found a gate to the Vaults.
 13757 | D:15     | Entered Level 15 of the Dungeon
 13989 | D:15     | Bought the +5 moon troll leather armour {Spirit, Regen++
                  | MP+5} for 773 gold pieces
 13989 | D:15     | Found the +5 moon troll leather armour {Spirit, Regen++
                  | MP+5}
 14154 | D:15     | Bought a scroll of identify for 30 gold pieces
 14154 | D:15     | Bought a scroll of identify for 30 gold pieces
 14154 | D:15     | Bought a scroll of identify for 30 gold pieces
 14154 | D:15     | Bought a scroll of identify for 30 gold pieces
 14172 | D:15     | Noticed a dire elephant
 14178 | D:15     | Killed a dire elephant
 14449 | D:15     | Reached skill level 16 in Ranged Weapons
 14454 | D:15     | Found a staircase to the Depths.
 14638 | Lair:1   | Entered Level 1 of the Lair of Beasts
 14763 | Lair:1   | Found a gate leading to a gauntlet.
 14782 | Gauntlet | Entered a Gauntlet
 14782 | Gauntlet | Found a transporter.
 14782 | Gauntlet | Found a transporter.
 14786 | Gauntlet | Found a transporter.
 14786 | Gauntlet | Found a transporter.
 14790 | Gauntlet | Noticed a reaper
 14792 | Gauntlet | Noticed a reaper
 14808 | Gauntlet | Found a transporter.
 14816 | Gauntlet | Noticed a reaper
 14818 | Gauntlet | Found a transporter.
 14818 | Gauntlet | Found a transporter.
 14821 | Gauntlet | Found a transporter.
 14848 | Gauntlet | Found a transporter.
 14855 | Gauntlet | Found a transporter.
 14894 | Gauntlet | Found a transporter.
 14909 | Gauntlet | Found a transporter.
 14923 | Gauntlet | Found a transporter.
 15012 | Gauntlet | Found a transporter.
 15023 | Gauntlet | Found a transporter.
 15044 | Gauntlet | Found a transporter.
 15443 | Gauntlet | Killed a reaper
 15444 | Gauntlet | Reached skill level 10 in Evocations
 15720 | Lair:1   | Noticed Amaemon
 15724 | Lair:1   | Killed Amaemon
 15817 | Lair:1   | Identified the +8 trident "Demon's Doom" {drain, rF++
                  | Dex-3}
 16292 | Lair:2   | Noticed Nergalle
 16308 | Lair:1   | Killed Nergalle
 16309 | Lair:1   | Reached XP level 15. HP: 116/118 MP: 15/15
 16384 | Lair:2   | Found a staircase to the Snake Pit.
 17034 | Lair:2   | Found a staircase to the Shoals.
 17095 | Lair:2   | Identified the +10 sling "Ythregott" {freeze, rPois rF+}
 17095 | Lair:2   | Noticed Maggie
 17101 | Lair:2   | Killed Maggie
 17384 | Lair:3   | Reached skill level 1 in Armour
 17384 | Lair:3   | Noticed Rupert
 17393 | Lair:3   | Killed Rupert
 17394 | Lair:3   | Reached skill level 17 in Ranged Weapons
 18825 | Lair:5   | Entered Level 5 of the Lair of Beasts
 19250 | Lair:5   | Reached XP level 16. HP: 131/131 MP: 16/16
 19864 | Lair:5   | Found a viscous altar of Jiyva.
 19864 | Lair:5   | Found a staircase to the Slime Pits.
 20300 | Orc:1    | Entered Level 1 of the Orcish Mines
 20866 | Orc:2    | Entered Level 2 of the Orcish Mines
 21016 | Orc:2    | Reached skill level 18 in Ranged Weapons
 21166 | Orc:2    | Found Dizasche's Antique Armour Emporium.
 21167 | Orc:2    | Found Yliuq's Antique Weapon Emporium.
 21169 | Orc:2    | Found Jofiorr's General Store.
 21169 | Orc:2    | Found Budeot's Jewellery Shoppe.
 21254 | Orc:2    | Found a roughly hewn altar of Beogh.
 21358 | Orc:2    | Found a staircase to the Elven Halls.
 21445 | Orc:2    | Found Haiqes's Weapon Shoppe.
 21553 | Orc:2    | Bought a shiny helmet for 262 gold pieces
 21766 | D:15     | Bought a scroll of teleportation for 45 gold pieces
 21766 | D:15     | Bought a scroll of brand weapon for 142 gold pieces
 21766 | D:15     | Bought a scroll of teleportation for 45 gold pieces
 22002 | Shoals:1 | Entered Level 1 of the Shoals
 22228 | Shoals:1 | Reached skill level 5 in Armour
 22411 | Shoals:1 | Found Aqailearph's One-of-a-Kind Rings.
 22644 | Shoals:2 | Noticed a kraken
 22652 | Shoals:2 | Killed a kraken
 22679 | Shoals:2 | Got Imuun's Vademecum on Momentum and the Blink Frog
 22767 | Shoals:2 | Noticed Ilsuiw
 22790 | Shoals:2 | Killed Ilsuiw
 22906 | Shoals:2 | Noticed a kraken
 22936 | Shoals:2 | Reached XP level 17. HP: 103/139 MP: 16/17
 22969 | Shoals:2 | Noticed a kraken
 23162 | Shoals:2 | Killed a kraken
 23349 | Shoals:2 | Killed a kraken
 23398 | Shoals:2 | Noticed a kraken
 23412 | Shoals:2 | Killed a kraken
 24330 | Shoals:4 | Entered Level 4 of the Shoals
 24341 | Shoals:4 | Reached skill level 19 in Ranged Weapons
 24391 | Shoals:4 | Found Geathrele's Overcharged Wands.
 24467 | Shoals:4 | Noticed a kraken
 24482 | Shoals:4 | Killed a kraken
 24577 | Shoals:4 | Got a barnacled rune of Zot
 24758 | Shoals:4 | Reached skill level 15 in Fighting
 24923 | Shoals:4 | Identified the +1 robe of Trumpets {rF++ Archmagi}
 24937 | Shoals:4 | Reached XP level 18. HP: 149/149 MP: 18/18
 25253 | Snake:1  | Entered Level 1 of the Snake Pit
 25272 | Snake:1  | Acquired 778 gold pieces
 25495 | Snake:1  | Found Kisu's Jewellery Boutique.
 25497 | Snake:1  | Found Tetifas's Jewellery Shop.
 25500 | Snake:1  | Found Cautziyp's Armour Boutique.
 25670 | Snake:1  | Found a large runed translucent door.
 25670 | Snake:1  | Found a large runed translucent door.
 25932 | Snake:1  | Identified the serpent talisman of Insecurity {rF+ Str+4}
 25932 | Snake:1  | Noticed Aizul
 25942 | Snake:1  | Killed Aizul
 26405 | Snake:1  | Noticed GrimJard's ghost (journeyman SpAl)
 26420 | Snake:1  | Killed GrimJard's ghost
 27078 | Snake:2  | Reached skill level 15 in Evocations
 28220 | Snake:3  | Bought a pair of encrusted boots for 389 gold pieces
 28220 | Snake:3  | Identified the +1 pair of boots "Zefruac" {-Cast +Blink
                  | rN++ Dex-4} (You bought it in a shop on level 3 of the
                  | Snake Pit)
 28220 | Snake:3  | Bought a scroll labelled NUOSTR PILY for 41 gold pieces
 28223 | Snake:3  | Bought an embroidered cloak for 172 gold pieces
 28223 | Snake:3  | Bought a pair of embroidered boots for 172 gold pieces
 28245 | Snake:4  | Entered Level 4 of the Snake Pit
 28902 | Snake:4  | Reached skill level 20 in Ranged Weapons
 28973 | Snake:4  | Reached XP level 19. HP: 116/157 MP: 17/19
 28995 | Snake:4  | Mangled by a nagaraja

Illustrated notes

Levels and vault maps discovered:
D:1:      heliophobic_arrival_dark_side_of_the_moon, layout_basic
D:2:      layout_basic, basic_altar
D:3:      layout_loops_corners, roderic_batcave, uniq_ijyb
D:4:      cheibrodos_quashed, layout_loops_ring,
          nicolae_hepliaklqana_monster_ancestors, minmay_temple_entry_slanted,
          minmay_misc_feat_encased, uniq_sigmund
D:5:      layout_gridville, chequers_temple_overflow_statue_of_worship,
          chequers_serial_rivers_micro_e
D:6:      layout_rooms, lemuel_coloured_pillars_altar, uniq_duvessa
D:7:      layout_rooms, tgw_xom
D:8:      layout_gridville, due_lair_maze_entry_diamond, minmay_ruffians
D:9:      layout_cave_pools, kennysheep_generic_room_4
D:10:     cheibrodos_histonic, layout_loops_corners, mainiacjoe_overflow_paths,
          mainiacjoe_overflow_big_doors, uniq_grum, uniq_snorg
D:11:     layout_loops_ring
D:12:     minmay_the_grid_plus_closed [minmay_the_grid_garden,
          minmay_the_grid_box_x, minmay_the_grid_tri_star,
          minmay_the_grid_outer_diamond, minmay_the_grid_prize_four_corners],
          layout_loops_cross
D:13:     layout_roguey, ebering_ghost_xom, enter_trove_1
D:14:     cheibrodos_quadrivalence, layout_irregular_city, erik_vaults_2,
          nicolae_ashenzari_skybound
D:15:     hangedman_depths_entry_try_elsewhere_first, layout_basic,
          chequers_hall_statues_y
Temple:   nicolae_temple_ecumenical_triangle
Lair:1:   layout_gridlike, gauntlet_entry_generic, grunt_megastairs_3,
          uniq_amaemon
Lair:2:   regret_index_tunnel_blossom, layout_chaotic_city,
          minmay_shoals_entry_hut, minmay_snake_entry_guardpost_small,
          uniq_nergalle, uniq_maggie
Lair:3:   layout_loops_ring, kilobyte_rumbling_trees, serial_bayou_shore_b,
          serial_bayou_shore_a, uniq_rupert
Lair:4:   layout_roguey
Lair:5:   hangedman_lair_tendril_chambers, layout_cave_pods,
          dpeg_slime_entry_enclosed
Shoals:1: layout_shoals, nicolae_shop_unique_rings
Shoals:2: layout_shoals, beargit_guarded_unrand_captain_cutlass, uniq_ilsuiw
Shoals:3: layout_shoals, nicolae_tricolors
Shoals:4: shoals_end_grunt_ice, layout_shoals, nicolae_shop_overcharged_wands
Snake:1:  layout_chambers, ebering_ghost_disaster_area, lemuel_fruit_tree,
          minmay_shop_star, uniq_aizul
Snake:2:  nicolae_snake_attic_fulla_snakes, layout_layer_cave,
          nicolae_triple_integral
Snake:3:  layout_cave_town
Snake:4:  grunt_snake_rune_pools, layout_basic, grunt_ministairs_13
Orc:1:    nicolae_orc_accident_3, layout_caves,
          nicolae_orc_takin'_care_of_business
Orc:2:    st_orc_congregation, layout_caves, basic_altar, serial_shops,
          nicolae_shop_stone

Skill      XL: |  1  2  3  4  5  6  7  8  9 10 11 12 13 14 15 16 17 18 |
---------------+-------------------------------------------------------+-----
Dodging        | 2 3 4 5 6 7 9 10 11 12 13 14 | 14.3
Ranged Weapons | 4 5 6 8 9 11 12 14 15 16 17 18 19 20 | 20.1
Fighting       | 3 4 5 7 8 9 10 11 12 13 14 15 | 15.7
Evocations     | 5 8 10 12 13 14 15 | 15.7
Armour         | 3 5 7 8 |  8.5
Stealth        | |  0.7

Action                     |  1- 3 |  4- 6 |  7- 9 | 10-12 | 13-15 | 16-18 | 19-21 || total
---------------------------+-------+-------+-------+-------+-------+-------+-------++-------
   Fire: Sling             |   140 |   220 |   622 |       |       |       |       ||   982
         Hand cannon       |       |       |    74 |   586 |  1356 |  2256 |    40 ||  4312
 Invoke: Call Merchant     |       |       |     1 |       |     2 |     4 |       ||     7
Ability: Invent Gizmo      |       |       |       |       |     1 |       |       ||     1
  Evoke: Wand              |       |     1 |     5 |       |     1 |       |       ||     7
    Use: Scroll            |     4 |     2 |     9 |     9 |    18 |     6 |       ||    48
         Potion            |       |       |       |     1 |     1 |     3 |     1 ||     6
 Armour: Leather armour    |    19 |    14 |   108 |    89 |     1 |       |       ||   231
         Robe              |       |       |       |       |    31 |       |       ||    31
         Troll leather arm |       |       |       |       |   143 |   328 |    22 ||   493
  Dodge: Dodged            |     7 |    20 |   131 |    78 |   282 |   437 |     8 ||   963

Table legend: (Time is in decaauts)
 A = Elapsed time spent in this place.
 B = Non-inter-level travel time spent in this place.
 C = Inter-level travel time spent in this place.
 D = Time resting spent in this place.
 E = Time spent auto-exploring this place.
 F = Levels seen in this place.
 G = Mean time per level.
                   A        B        C        D        E       F      G
               +--------+--------+--------+--------+--------+-----+--------+
         Total |  29758 |  28117 |   1641 |    768 |  22416 |  32 |  929.9 |
       Dungeon |  15290 |  14323 |    967 |    742 |  11541 |  15 | 1019.3 |
        Temple |     30 |     25 |      5 |      0 |      0 |   1 |   30.0 |
          Lair |   4955 |   4629 |    326 |      0 |   3754 |   5 |  991.0 |
        Shoals |   3617 |   3432 |    185 |      0 |   2693 |   4 |  904.2 |
     Snake Pit |   3762 |   3666 |     96 |     11 |   3137 |   4 |  940.5 |
  Orcish Mines |   1318 |   1258 |     60 |      0 |    967 |   2 |  659.0 |
      Gauntlet |    784 |    784 |      0 |     15 |    323 |   1 |  784.0 |
               +--------+--------+--------+--------+--------+-----+--------+

Top non-repeatable levels by time:
    D:13: 1607 daAuts
    D:10: 1512 daAuts
    D:12: 1326 daAuts
     D:8: 1319 daAuts
  Lair:5: 1311 daAuts
 Snake:1: 1224 daAuts
    D:14: 1176 daAuts
Shoals:2: 1158 daAuts
  Lair:2: 1151 daAuts
 Snake:2: 1100 daAuts
     D:7: 1081 daAuts
     D:5: 977 daAuts
     D:3: 956 daAuts
  Lair:1: 943 daAuts
    D:15: 923 daAuts
